 Dungeon Crawl Stone Soup version 0.31.0-10-gcf4a605ca0 (webtiles) character file.

Game seed: 9496087386699565336

63 Gadfly the Ruffian (level 3, -6/26 HPs)
             Began as a Demonspawn Shapeshifter on Jan 26, 2024.
             Mangled by Sigmund
             ... wielding a +0 scythe
              (10 damage)
             ... on level 3 of the Dungeon.
             The game lasted 00:02:24 (1567 turns).

Gadfly the Ruffian (Demonspawn Shapeshifter)        Turns: 1567, Time: 00:02:25

Health: -6/26      AC:  3    Str: 16    XL:     3   Next: 87%
Magic:  3/3        EV: 12    Int: 10    God:
Gold:   125        SH:  0    Dex: 12    Spells: 2/2 levels left

rFire   + .          .
                       - Unarmed
rCold   + . .        (no shield)
rNeg    . . .        a - +1 animal skin
rPois   +            (helmet currently unavailable)
rElec   +            (cloak currently unavailable)
rCorr   +            (gloves currently unavailable)
SInv    .            (boots currently unavailable)
Will    .....        (no amulet)
Stlth   +            (no ring)
HPRegen 0.24/turn    (no ring)
MPRegen 0.08/turn

%: no passive effects
@: confused, lethally poisoned (-6 -> -8), beast-form, resistant
A: beast (slay +1), large bone plates 2
a: Begin Untransformation


You were on level 3 of the Dungeon.
You were a hulking beast.
You visited 1 branch of the dungeon, and saw 3 of its levels.

You collected 125 gold pieces.

Inventory:

Armour
 a - a +1 animal skin (worn)
Talismans
 c - a beast talisman
 d - a flux talisman
Scrolls
 f - a scroll of blinking
 i - 2 scrolls of fear
Potions
 b - a potion of lignification
 h - a potion of invisibility {unknown}


   Skills:
 + Level 1.5 Fighting
 * Level 2.5 Dodging
 + Level 3.0 Unarmed Combat
 * Level 1.7 Evocations
 + Level 2.8 Shapeshifting


You had 2 spell levels left.
You didn't know any spells.
Your spell library contained the following spells:

 Spells                   Type           Power      Damage    Failure   Level
 Freeze                   Ice            0%         1d3       36%         1
 Frozen Ramparts          Ice            0%         1d1       75%         3
 Hailstorm                Conj/Ice       0%         3d5       75%         3
 Animate Dead             Necr           0%         N/A       98%         4
 Borgnjor's Vile Clutch   Necr/Erth      0%         N/A       100%        5
 Death Channel            Necr           0%         N/A       100%        6


Dungeon Overview and Level Annotations

Branches:
Dungeon (3/15)

Altars:

Shops:
D:2 =

Annotations:
D:3 Sigmund


Innate Abilities, Weirdness & Mutations

You are a hulking beast.
Your limbs bulge with bestial killing power. (Slay +1)
You are mostly covered in large bone plates. (SH +6)


Message History

There is a stone staircase leading down here.
An adder is nearby!
Sigmund the Dreaded comes into view.
He is wielding a +0 scythe and carrying a wand of flame.
Found a purple potion.
Sigmund shouts!
The adder barely misses you.
Sigmund zaps a wand.
You block the puff of flame. The adder bites you.
You hit the adder.
The adder is moderately wounded.
The adder bites you.
You are poisoned.
The adder poisons you!
You closely miss the adder.
The adder is moderately wounded.
You feel sick. The adder bites you.
You are more poisoned.
The adder poisons you! Sigmund misses you.
You miss the adder.
The adder is moderately wounded.
You feel very sick. The adder barely misses you.
Sigmund gestures at you while chanting.
You are confused.
The adder barely misses you.
You feel sick. The adder bites you.
Sigmund hits you from afar with a +0 scythe.
You miss the adder.
The adder is moderately wounded.
You feel sick. The adder bites you but does no damage.
You feel sick.
You feel sick.
Sigmund mumbles some strange words.
Sigmund flickers and vanishes!
Deactivating autopickup; reactivate with Ctrl-A.
You feel sick. The adder bites you but does no damage. The adder bites you.
* * * LOW HITPOINT WARNING * * *
It was a potion of resistance.
You feel protected.
You feel sick. Something hits you!
You die...

#### ..# #.#
#.#####
.#######..h>.##
.........S###.##
.####...## ##.#
#...# #.# #...#
##[# ##...###).#
#......#.#
#.#.#.##.#
...!#.##.#


You could see an adder.

Vanquished Creatures
  An adder (D:2)
  A ribbon worm (D:2)
  4 dart slugs
  2 ball pythons (D:1)
  3 endoplasms
  2 giant cockroaches (D:1)
  3 goblins
  4 hobgoblins
  6 kobolds
  4 quokkas
  3 bats
  4 frilled lizards
  A rat (D:1)
38 creatures vanquished.

Notes
Turn   | Place    | Note
-------+----------+-------------------------------------------
     0 | D:1      | Gadfly the Demonspawn Shapeshifter began the quest for the
                  | Orb.
     0 | D:1      | Reached XP level 1. HP: 15/15 MP: 1/1
   124 | D:1      | Gained mutation: You are partially covered in large bone
                  | plates. (SH +4) [demonic ancestry]
   124 | D:1      | Reached XP level 2. HP: 21/21 MP: 2/2
   322 | D:1      | Reached skill level 1 in Evocations
   834 | D:2      | Gained mutation: You are mostly covered in large bone
                  | plates. (SH +6) [demonic ancestry]
   834 | D:2      | Reached XP level 3. HP: 26/26 MP: 3/3
  1147 | D:2      | Reached skill level 3 in Unarmed Combat
  1231 | D:2      | Found Sessupn's Jewellery Boutique.
  1558 | D:3      | Noticed Sigmund
  1567 | D:3      | Mangled by Sigmund

Illustrated notes

Levels and vault maps discovered:
D:1:      nzn_arrival_settlement, layout_loops_ring
D:2:      layout_basic, serial_shops, nicolae_shop_gaudy_bauble
D:3:      layout_loops_ring, uniq_sigmund, uniq_robin

Skill      XL: |  1  2  3 |
---------------+----------+-----
Dodging        | 2 |  2.5
Evocations     | 1 |  1.7
Unarmed Combat | 3 |  3.0
Fighting       | |  1.5
Shapeshifting  | |  2.8

Action                     || total
---------------------------++-------
  Melee: Unarmed           ||   131
         Punch             ||     3
    Use: Scroll            ||     4
         Potion            ||     1
   Stab: Sleeping          ||     1
 Armour: Animal skin       ||    61
  Dodge: Dodged            ||    62
  Block: Other             ||    22
